 Dungeon Crawl Stone Soup version 0.30-a0-1050-g2766ea1e55 (webtiles) character file.

Game seed: 3353733505186145660

49 Ic0nGaming the Cutter (level 4, -1/28 HPs)
             Began as a Kobold Fighter on Apr 10, 2023.
             Slain by an iguana (9 damage)
             ... on level 2 of the Dungeon.
             The game lasted 00:02:30 (1612 turns).

Ic0nGaming the Cutter (Kobold Fighter)              Turns: 1612, Time: 00:02:30

Health: -1/28      AC:  7    Str: 15    XL:     4   Next: 1%
Magic:  0/4        EV: 10    Int:  9    God:
Gold:   100        SH:  4    Dex: 14    Spells: 3/3 levels left

rFire   . . .      SeeInvis .    a - +2 rapier
rCold   . . .      Faith    .    c - +0 buckler
rNeg    . . .      Spirit   +    b - +0 scale mail
rPois   .          Reflect  .    (no helmet)
rElec   .          Rampage  .    (no cloak)
rCorr   .                        (no gloves)
Will    .....                    j - +0 pair of boots
Stlth   +                        k - amulet of guardian spirit
HPRegen 0.24/turn                (no ring)
MPRegen 0.09/turn                (no ring)

@: no status effects
A: small, no large weapons, nightstalker 3
a: no special abilities


You were on level 2 of the Dungeon.
You visited 1 branch of the dungeon, and saw 2 of its levels.

You collected 100 gold pieces.

Inventory:

Hand Weapons
 a - a +2 rapier (weapon)
Missiles
 e - 6 poisoned darts (quivered)
Armour
 b - a +0 scale mail (worn)
 c - a +0 buckler (worn)
 j - a +0 pair of boots (worn)
Jewellery
 k - an amulet of guardian spirit (around neck)
Scrolls
 h - a scroll of poison
 m - a scroll of teleportation
Potions
 d - a potion of might
 f - a potion of invisibility {unknown}
 g - a potion of mutation {unknown}
 i - a potion of curing {unknown}
 l - a potion of heal wounds {unknown}


   Skills:
 - Level 3.2 Fighting
 + Level 5.3 Short Blades
 - Level 2.4 Armour
 - Level 2.4 Shields


You had 3 spell levels left.
You didn't know any spells.
Your spell library contained the following spells:

 Spells                   Type           Power      Damage    Failure   Level
 Beastly Appendage        Tmut           0%         N/A       94%         1
 Wereblood                Tmut           0%         N/A       98%         2
 Inner Flame              Hex/Fire       0%         N/A       100%        3
 Spider Form              Tmut/Pois      0%         N/A       100%        3
 Yara's Violent Unravell  Hex/Tmut       0%         3d3       100%        5
 Enfeeble                 Hex            0%         N/A       100%        7


Dungeon Overview and Level Annotations

Branches:
Dungeon (2/15)

Altars:


Innate Abilities, Weirdness & Mutations

You are small and have problems with some larger weapons.
You are completely attuned to the shadows.


Message History

You finish putting on your amulet of guardian spirit.
You feel your power drawn to a protective spirit.
k - an amulet of guardian spirit (around neck)
Found a stone staircase leading down.
An iguana comes into view.
You see here a pink potion.
An iguana is nearby!
The iguana hisses angrily.
There is a stone staircase leading down here.
The iguana completely misses you.
You hit the iguana.
The iguana is heavily wounded.
The iguana bites you.
You completely miss the iguana.
The iguana is heavily wounded.
The iguana bites you!
You are too injured to fight recklessly!
You are too injured to fight recklessly!
You hit the iguana.
The iguana is heavily wounded.
You block the iguana's attack.
You closely miss the iguana.
The iguana is heavily wounded.
The iguana barely misses you.
You hit the iguana.
The iguana is almost dead.
The iguana hisses menacingly.
The iguana closely misses you.
You hit the iguana but do no damage.
The iguana is almost dead.
The iguana hisses menacingly.
The iguana barely misses you.
You hit the iguana but do no damage.
The iguana is almost dead.
The iguana bites you!
* * * LOW HITPOINT WARNING * * *
You closely miss the iguana.
The iguana is almost dead.
The iguana bites you!
You die...

##########.####
#.#....)......#
......######.......†...".#
####...#...........##....#
........####..###.#.....#
###.#.#...#..# #.#.....##
#.#.#.#.#.#####'#+#+#...
..#.#.#!..##.......)....
#.#.#>.###..........##
#.#@## #..........## #l#
#..........## #.#
#..........# ..#
#..........# ###
#.......... #.........
#........


You could see an iguana.

Vanquished Creatures
  3 worms
  3 endoplasms (D:2)
  2 goblins
  4 hobgoblins
  7 kobolds
  A quokka (D:2)
  6 ball pythons
  4 bats (D:1)
  3 frilled lizards (D:1)
  4 rats
37 creatures vanquished.

Notes
Turn   | Place    | Note
-------+----------+-------------------------------------------
     0 | D:1      | Ic0nGaming the Kobold Fighter began the quest for the Orb.
     0 | D:1      | Reached XP level 1. HP: 14/14 MP: 1/1
   101 | D:1      | Reached skill level 3 in Short Blades
   186 | D:1      | Reached XP level 2. HP: 19/19 MP: 2/2
   440 | D:1      | Reached skill level 4 in Short Blades
   581 | D:1      | Reached XP level 3. HP: 18/23 MP: 3/3
  1312 | D:2      | Reached skill level 5 in Short Blades
  1557 | D:2      | Reached XP level 4. HP: 22/28 MP: 4/4
  1612 | D:2      | Slain by an iguana

Illustrated notes

Levels and vault maps discovered:
D:1:      psy_arrival_radial02, layout_loops_cross, nicolae_wormholes
D:2:      layout_basic

Skill      XL: |  1  2  3 |
---------------+----------+-----
Short Blades   | 3 4 5 |  5.3
Fighting       | |  3.2
Armour         | |  2.4
Shields        | |  2.4

Action                     |  1- 3 |  4- 6 || total
---------------------------+-------+-------++-------
  Melee: Rapier            |   111 |     8 ||   119
    Use: Scroll            |     5 |       ||     5
 Armour: Scale mail        |    33 |       ||    33
  Dodge: Dodged            |    51 |     4 ||    55
  Block: Buckler           |    14 |     1 ||    15

Table legend: (Time is in decaauts)
 A = Elapsed time spent in this place.
 B = Non-inter-level travel time spent in this place.
 C = Inter-level travel time spent in this place.
 D = Time resting spent in this place.
 E = Time spent auto-exploring this place.
 F = Levels seen in this place.
 G = Mean time per level.
                   A        B        C        D        E       F      G
               +--------+--------+--------+--------+--------+-----+--------+
         Total |   1616 |   1557 |     59 |    171 |   1095 |   2 |  808.0 |
       Dungeon |   1616 |   1557 |     59 |    171 |   1095 |   2 |  808.0 |
               +--------+--------+--------+--------+--------+-----+--------+

Top non-repeatable levels by time:
     D:1: 1060 daAuts
     D:2: 556 daAuts
